 Dungeon Crawl Stone Soup version 0.19-b1-3-g7dea586 (webtiles) character file.

90 pokedragonboy the Chopper (level 4, -3/40 HPs)
             Began as a Minotaur Berserker on Oct 28, 2016.
             Was a Follower of Trog.
             Killed from afar by Natasha (4 damage)
             ... with a wand of flame
             ... on level 2 of the Dungeon.
             The game lasted 00:02:33 (1416 turns).

pokedragonboy the Chopper (Minotaur Berserker)      Turns: 1416, Time: 00:02:33

Health: -3/40      AC: 10    Str: 23    XL:     4   Next: 32%
Magic:  3/3        EV:  9    Int:  4    God:    Trog [*.....]
Gold:   60         SH:  0    Dex:  9    Spells: 0 memorised, 3 levels left

rFire  . . .     SeeInvis .     a - +0 hand axe
rCold  . . .     Gourm    .     e - +0 chain mail
rNeg   . . .     Faith    .     (no shield)
rPois  .         Spirit   .     (helmet restricted)
rElec  .         Reflect  .     (no cloak)
rCorr  .         Harm     .     i - +0 pair of gloves
MR     .....                    (no boots)
Stlth  ..........               (no amulet)
                                (no ring)
                                (no ring)

@: exhausted, slowed, very slow
A: retaliatory headbutt, horns 2
a: Berserk, Burn Spellbooks, Renounce Religion


You were on level 2 of the Dungeon.
You worshipped Trog.
Trog was aware of your devotion.
You were not hungry.

You visited 1 branch of the dungeon, and saw 2 of its levels.

You collected 60 gold pieces.

Inventory:

Hand Weapons
 a - a +0 hand axe (weapon)
Armour
 e - a +0 chain mail (worn)
 i - a +0 pair of gloves (worn)
Scrolls
 b - a scroll of remove curse
Comestibles
 c - a bread ration
 d - a meat ration
 l - a royal jelly
 m - a beef jerky


   Skills:
 + Level 4.3 Fighting
 * Level 4.6 Axes
 + Level 3.5 Armour
 + Level 2.9 Dodging


You had 3 spell levels left.
You didn't know any spells.

Dungeon Overview and Level Annotations

Branches:
Dungeon (2/15)

Altars:

Annotations:
D:2 Natasha


Innate Abilities, Weirdness & Mutations

You reflexively headbutt those who attack you in melee.
You have a pair of horns on your head.


Message History

As you read the scroll labeled DICAEFR HEIFUQUHAQ, it crumbles to dust.
You feel aware of your surroundings.
You sensed 2 altars.
It was a scroll of magic mapping.
Natasha howls an incantation.
Natasha's front paws start to glow.
You're too exhausted to go berserk.
You aren't carrying any potions.
As you read the scroll labeled FAXOBBOGGA, it crumbles to dust.
It is a scroll of recharging.
You aren't carrying any rechargeable items.
As you read the scroll labeled IMALYQ JALOEF, it crumbles to dust.
It is a scroll of identify.
You don't have any unidentified items.
Natasha zaps a wand.
The puff of flame hits you!
* * * LOW HITPOINT WARNING * * *
It is a wand of flame {zapped: 4}.
You hit Natasha. Your headbutt misses Natasha.
Natasha is moderately wounded.
Natasha zaps a wand.
The puff of flame hits you!
You die...

,,,,*******,* #.####.#
,,,,,,,,*,#,* #.# #.#
**,***,,,,#.* ####### #.# #.# *,*
*,,*,#.####.....# #.# #.# *,*
******#.........# #.# #.#
*,****>***#.........# #.# #.#
*,**8,,,8*#.........# #.# #.#
**,**,,,,,*#.........# #.# #.#
,,,*8,,,,,8#....@....# #.# #.#
,*,**,,,,,*#....h#.#####*#.# #.#
,,,**8,,,8*#...........>,#.# #.#
,****,,,,,*#.....#.#.###*#.# #.#
,,,*8,,,,,8#.....#.#,..,*#.# #.#
,,,**,,,,,*#.......####.*#.# #.#
,,,**8,,,8*#............,#.# #.#
,,,****_***##.##.#########.####.#
,*********###.##.............##.#


You could see Natasha.

Vanquished Creatures
  Natasha (twice) (D:2)
  An adder (D:2)
  A dart slug (D:2)
  A leopard gecko (D:1)
  A giant cockroach (D:1)
  5 hobgoblins
  4 jackals (D:1)
  3 bats (D:1)
  2 frilled lizards
  2 goblins
  4 kobolds
  4 rats (D:1)
30 creatures vanquished.

Notes
Turn   | Place    | Note
-------+----------+-------------------------------------------
     0 | D:1      | pokedragonboy the Minotaur Berserker began the quest for the Orb.
     0 | D:1      | Reached XP level 1. HP: 19/19 MP: 0/0
   181 | D:1      | Reached XP level 2. HP: 27/27 MP: 1/1
   895 | D:2      | Reached XP level 3. HP: 26/33 MP: 2/2
  1067 | D:2      | Noticed Natasha
  1078 | D:2      | Killed Natasha
  1387 | D:2      | Noticed Natasha
  1397 | D:2      | Killed Natasha
  1397 | D:2      | Reached XP level 4. HP: 6/40 MP: 3/3
  1412 | D:2      | Noticed Natasha
  1415 | D:2      | HP: 1/40 [Natasha/wand of flame (6)]
  1416 | D:2      | Killed from afar by Natasha

Skill      XL: |  1  2 |
---------------+-------+-----
Axes           | 4 |  4.6
Armour         | 3 |  3.5
Fighting       | 4 |  4.3
Dodging        | |  2.9

Action                   |  1- 3 |  4- 6 || total
-------------------------+-------+-------++-------
Melee: Hand axe          |    70 |     1 ||    71
       Headbutt          |     7 |       ||     7
  Use: Scroll            |     1 |     4 ||     5
       Potion            |     1 |       ||     1
  Eat: Chunk             |     1 |     1 ||     2
Armor: Chain mail        |    44 |       ||    44
Dodge: Dodged            |    32 |       ||    32
